High Goats vs Influenza
Created - 21 mai 2013 at 19:09
Goals
|
| High Goats |
1 |
3 |
4 |
8 |
| Influenza |
3 |
1 |
2 |
6 |
|
Shots
|
| High Goats |
7 |
20 |
17 |
44 |
| Influenza |
13 |
6 |
13 |
32 |
|
1st period
1. Influenza , Marek Zagrapan 2 (Lasse Kukkonen) at 2:44
2. Influenza , Ryan Carter 48 (Blake Comeau, Alexander Sulzer) at 9:25
3. High Goats , Craig Weller 45 (Jesse Winchester) at 11:59
4. Influenza , Martins Karsums 32 (Alexander Sulzer, Robbie Earl) at 14:16
Penalties :
No Penalty
2nd period
5. High Goats , Jiri Tlusty 10 (Joël Perrault, Antti Laaksonen) at 0:35
6. High Goats , Pavel Brendl 22 (Joël Perrault, Arturs Kulda) at 9:28
7. Influenza , Ryan Carter 49 (Blake Comeau) at 12:39
8. High Goats , Craig Weller 46 (Sami Lepisto, Nick Bonino) at 19:21
Penalties :
Brandon Bollig (Buc) for Holding Stick (Minor) at 5:02, Cody McCormick (VJB) for Hooking (Minor) at 13:37, Nick Bonino (Buc) for Hooking (Minor) at 13:37, Colton Orr (VJB) for Goalie Interference (Minor) at 17:17
3rd period
9. High Goats , Pavel Brendl 23 (Sami Lepisto, Joël Perrault) at 7:56
10. High Goats , Antti Laaksonen 12 (Sami Lepisto, Jesse Winchester) at 8:02
11. High Goats , Chris Stewart 53 (Antti Laaksonen, Jesse Winchester) at 12:51
12. Influenza , Martins Karsums 33 (Jaime Sifers, Rob Schremp) at 15:42 (PP)
13. Influenza , Rob Schremp 41 (Robbie Earl, Martins Karsums) at 18:37
14. High Goats , Chris Stewart 54 (Jesse Winchester) at 19:28 (Empty Net)
Penalties :
Brandon Bollig (Buc) for Roughing (Minor) at 3:09, Arturs Kulda (Buc) for Interference (Minor) at 9:50, Arturs Kulda (Buc) for Interference (Minor) at 14:54
Goalie Stats
Al Montoya (Buc), 26 saves from 32 shots - (0,813), W, 16-14-4, 60:00 minutes
Brent Krahn (VJB), 36 saves from 43 shots - (0,837), L, 27-22-10, 59:42 minutes
Players Stats for High Goats
Player Name G A P +/- PIM S H SB GA TA FO MP PP MP PK MP
------------------------------------------------------------------------------------
Anton Stralman 0 0 0 6 0 2 1 2 0 0 0/0 28:43 1:01 4:05
Antti Laaksonen 1 2 3 0 0 6 0 2 0 0 0/1 21:43 0:57 3:38
Arturs Kulda 0 1 1 1 4 1 2 0 0 1 0/0 13:03 0:00 1:43
Brandon Bollig 0 0 0 1 4 0 0 0 0 0 0/0 11:44 0:00 0:00
Chris Stewart 2 0 2 0 0 4 1 0 2 0 1/2 18:55 0:57 0:00
Craig Weller 2 0 2 2 0 7 1 2 1 0 0/0 12:45 0:13 1:12
Drayson Bowman 0 0 0 1 0 2 0 0 0 0 0/0 8:53 0:13 1:55
Gord Baldwin 0 0 0 -4 0 1 2 0 1 0 0/0 19:50 0:00 2:54
Jesse Winchester 0 4 4 0 0 2 0 0 0 0 21/36 21:37 0:57 2:45
Jiri Tlusty 1 0 1 1 0 2 1 0 1 0 0/0 15:28 0:49 0:00
Joël Perrault 0 3 3 1 0 4 0 2 0 0 5/12 15:47 0:49 0:22
Matt Frattin 0 0 0 0 0 1 0 0 0 0 0/0 6:14 0:00 0:00
Matt Taormina 0 0 0 1 0 0 1 1 0 0 0/0 11:46 0:58 0:00
Nick Bonino 0 1 1 2 2 1 0 0 0 0 5/11 11:45 0:13 0:00
Pavel Brendl 2 0 2 1 0 5 2 1 0 0 0/0 15:20 0:49 0:00
Petteri Wirtanen 0 0 0 0 0 3 1 0 0 1 8/12 10:57 0:00 3:38
Sami Lepisto 0 3 3 6 0 3 6 3 2 2 0/0 28:24 1:01 3:51
Thomas Hickey 0 0 0 -4 0 0 1 2 0 0 0/0 18:17 0:58 0:57
Players Stats for Influenza
Player Name G A P +/- PIM S H SB GA TA FO MP PP MP PK MP
------------------------------------------------------------------------------------
Alexander Sulzer 0 2 2 1 0 1 0 0 0 0 0/0 14:26 3:02 1:02
Blake Comeau 0 2 2 -2 0 2 0 1 0 1 0/0 23:12 3:43 0:56
Brian Salcido 0 0 0 1 0 0 1 0 0 0 0/0 9:30 0:00 0:00
Charles Linglet 0 0 0 -2 0 0 1 0 0 0 0/0 11:52 0:13 0:42
Cody McCormick 0 0 0 -2 2 3 2 0 0 1 5/10 11:38 0:00 0:29
Colton Orr 0 0 0 0 2 1 0 0 1 0 0/0 7:56 0:00 0:00
Jaime Sifers 0 1 1 0 0 0 0 2 0 1 0/0 19:59 3:02 1:02
Jamie McBain 0 0 0 -1 0 0 1 0 0 0 0/0 21:48 3:43 0:57
Justin Abdelkader 0 0 0 -2 0 3 0 1 1 0 1/2 21:50 3:30 0:21
Lasse Kukkonen 0 1 1 -4 0 4 1 3 0 0 0/0 30:16 3:43 0:42
Marek Zagrapan 1 0 1 1 0 1 0 0 1 0 0/5 7:52 0:00 0:00
Martins Karsums 2 1 3 0 0 5 0 1 0 0 0/0 16:31 3:02 0:00
Pierre-Cédric Labrie 0 0 0 1 0 0 0 0 0 1 0/0 7:52 0:00 0:00
Rob Schremp 1 1 2 0 0 4 2 1 0 0 7/15 17:13 3:02 0:34
Robbie Earl 0 2 2 0 0 0 1 0 0 0 0/1 15:52 3:02 0:00
Ryan Carter 2 0 2 -2 0 3 1 1 1 0 21/40 22:50 3:30 0:56
Ryan Vesce 0 0 0 -1 0 0 0 0 0 1 0/1 11:22 0:13 0:00
Tim Gleason 0 0 0 -3 0 5 3 4 0 2 0/0 24:01 0:00 0:15
3 Stars
1 - Sami Lepisto (Buc)
2 - Craig Weller (Buc)
3 - Pavel Brendl (Buc)
Power Play
High Goats - 0 on 1 Attempt(s) - 0,00%
Influenza - 1 on 4 Attempt(s) - 25,00%
Penalty Kill
High Goats - 3 on 4 Attempt(s) - 75,00%
- Score 0 goal in Penalty Kill
Influenza - 1 on 1 Attempt(s) - 100,00%
- Score 0 goal in Penalty Kill
Official
Referees : VanMassenhoven Don and Morton Dean
Linesman : Greg Devorski and Mark Shewchyk
Game Notes
Chris Stewart has scored in a empty net!
High Goats
5 vs 5 Forward
Center Left Wing Right Wing Time % Phy DF OF
1 Jesse Winchester Antti Laaksonen Chris Stewart 40 1 2 2
2 Joël Perrault Jiri Tlusty Pavel Brendl 30 1 2 2
3 Nick Bonino Brandon Bollig Craig Weller 20 1 2 2
4 Petteri Wirtanen Drayson Bowman Matt Frattin 10 1 2 2
5 vs 5 Defense
Defense Defense Time % Phy DF OF
1 Sami Lepisto Anton Stralman 40 1 2 2
2 Gord Baldwin Thomas Hickey 30 1 2 2
3 Arturs Kulda Matt Taormina 20 1 2 2
4 Sami Lepisto Anton Stralman 10 1 2 2
PowerPlay Forward
Center Left Wing Right Wing Time % Phy DF OF
1 Jesse Winchester Antti Laaksonen Chris Stewart 60 1 2 2
2 Joël Perrault Jiri Tlusty Pavel Brendl 40 1 2 2
PowerPlay Defense
Defense Defense Time % Phy DF OF
1 Sami Lepisto Anton Stralman 60 1 2 2
2 Matt Taormina Thomas Hickey 40 1 2 2
Penalty Kill 4 Players Forward
Center Wing Time % Phy DF OF
1 Petteri Wirtanen Antti Laaksonen 60 1 2 2
2 Jesse Winchester Craig Weller 40 1 2 2
Penalty Kill 4 Players Defense
Defense Defense Time % Phy DF OF
1 Sami Lepisto Anton Stralman 60 1 2 2
2 Gord Baldwin Arturs Kulda 40 1 2 2
Penalty Kill - 3 Players Forward
Forward Time % Phy DF OF
1 Antti Laaksonen 60 1 2 2
2 Craig Weller 40 1 2 2
Penalty Kill - 3 Players Defense
Defense Defense Time % Phy DF OF
1 Sami Lepisto Anton Stralman 60 1 2 2
2 Gord Baldwin Arturs Kulda 40 1 2 2
4 vs 4 Forward
Center Wing Time % Phy DF OF
1 Jesse Winchester Chris Stewart 60 1 2 2
2 Joël Perrault Pavel Brendl 40 1 2 2
4 vs 4 Defense
Defense Defense Time % Phy DF OF
1 Sami Lepisto Anton Stralman 60 1 2 2
2 Gord Baldwin Thomas Hickey 40 1 2 2
Last Minutes Offensive
Center Left Wing Right Wing Defense Defense
Jesse Winchester Antti Laaksonen Chris Stewart Sami Lepisto Anton Stralman
Last Minutes Defensive
Center Left Wing Right Wing Defense Defense
Jesse Winchester Antti Laaksonen Chris Stewart Sami Lepisto Anton Stralman
Goaltenders
Starting : Al Montoya
Backup : Jean-Sébastien Aubin
Extra Forwards
Normal : Nick Bonino, Jiri Tlusty, Petteri Wirtanen - PP : Nick Bonino, Jiri Tlusty - PK : Petteri Wirtanen
Extra Defensemen
Normal : Arturs Kulda, Thomas Hickey, Gord Baldwin - PP : Arturs Kulda - PK : Thomas Hickey, Gord Baldwin
Penalty Shots
Pavel Brendl, Chris Stewart, Craig Weller, Antti Laaksonen, Jesse Winchester
Influenza
5 vs 5 Forward
Center Left Wing Right Wing Time % Phy DF OF
1 Ryan Carter Justin Abdelkader Blake Comeau 40 1 1 3
2 Rob Schremp Robbie Earl Martins Karsums 30 1 1 3
3 Cody McCormick Charles Linglet Ryan Vesce 20 1 2 2
4 Marek Zagrapan Pierre-Cédric Labrie Colton Orr 10 1 2 2
5 vs 5 Defense
Defense Defense Time % Phy DF OF
1 Lasse Kukkonen Tim Gleason 40 1 2 2
2 Jamie McBain Jaime Sifers 30 1 2 2
3 Alexander Sulzer Brian Salcido 20 1 2 2
4 Lasse Kukkonen Tim Gleason 10 1 2 2
PowerPlay Forward
Center Left Wing Right Wing Time % Phy DF OF
1 Ryan Carter Justin Abdelkader Blake Comeau 60 1 2 2
2 Rob Schremp Robbie Earl Martins Karsums 40 1 2 2
PowerPlay Defense
Defense Defense Time % Phy DF OF
1 Jamie McBain Lasse Kukkonen 60 1 2 2
2 Alexander Sulzer Jaime Sifers 40 1 2 2
Penalty Kill 4 Players Forward
Center Wing Time % Phy DF OF
1 Ryan Carter Blake Comeau 60 1 2 2
2 Rob Schremp Justin Abdelkader 40 1 2 2
Penalty Kill 4 Players Defense
Defense Defense Time % Phy DF OF
1 Jamie McBain Lasse Kukkonen 60 1 2 2
2 Alexander Sulzer Jaime Sifers 40 1 2 2
Penalty Kill - 3 Players Forward
Forward Time % Phy DF OF
1 Ryan Carter 60 1 2 2
2 Rob Schremp 40 1 2 2
Penalty Kill - 3 Players Defense
Defense Defense Time % Phy DF OF
1 Jamie McBain Lasse Kukkonen 60 1 2 2
2 Alexander Sulzer Jaime Sifers 40 1 2 2
4 vs 4 Forward
Center Wing Time % Phy DF OF
1 Ryan Carter Blake Comeau 60 1 2 2
2 Rob Schremp Justin Abdelkader 40 1 2 2
4 vs 4 Defense
Defense Defense Time % Phy DF OF
1 Jamie McBain Lasse Kukkonen 60 1 2 2
2 Alexander Sulzer Jaime Sifers 40 1 2 2
Last Minutes Offensive
Center Left Wing Right Wing Defense Defense
Ryan Carter Justin Abdelkader Blake Comeau Tim Gleason Lasse Kukkonen
Last Minutes Defensive
Center Left Wing Right Wing Defense Defense
Ryan Carter Justin Abdelkader Blake Comeau Tim Gleason Lasse Kukkonen
Goaltenders
Starting : Brent Krahn
Backup : Alex Stalock
Extra Forwards
Normal : Martins Karsums, Ryan Vesce, Rob Schremp - PP : Ryan Vesce, Martins Karsums - PK : Rob Schremp
Extra Defensemen
Normal : Jamie McBain, Tim Gleason, Alexander Sulzer - PP : Jamie McBain - PK : Tim Gleason, Jamie McBain
Penalty Shots
Justin Abdelkader, Ryan Carter, Martins Karsums, Rob Schremp, Robbie Earl
% Time on Ice - High Goats
Lines # - Real PCT - Wanted PCT - Time Play
Normal Forward
1 - 36% - 40% - 17:25
2 - 29% - 30% - 13:56
3 - 23% - 20% - 11:15
4 - 13% - 10% - 6:14
Normal Defense
1 - 40% - 40% - 19:23
2 - 32% - 30% - 15:50
3 - 22% - 20% - 10:46
4 - 6% - 10% - 2:51
PP Forward
1 - 59% - 60% - 1:10
2 - 41% - 40% - 0:49
PP Defense
1 - 51% - 60% - 1:01
2 - 49% - 40% - 0:58
PK Forward
1 - 82% - 60% - 5:33
2 - 18% - 40% - 1:12
PK Defense
1 - 57% - 60% - 3:51
2 - 43% - 40% - 2:54
PK3 Forward
1 - 0% - 60%
2 - 0% - 40%
PK3 Defense
1 - 0% - 60%
2 - 0% - 40%
44 Forward
1 - 71% - 60% - 1:24
2 - 29% - 40% - 0:35
44 Defense
1 - 43% - 60% - 0:51
2 - 57% - 40% - 1:08
Last Minute Offensive - 0:00
Last Minute Defensive - 0:27
Total
Forward - 60:00
Defense - 60:00
|
% Time on Ice - Influenza
Lines # - Real PCT - Wanted PCT - Time Play
Normal Forward
1 - 35% - 40% - 17:00
2 - 27% - 30% - 13:03
3 - 22% - 20% - 10:52
4 - 16% - 10% - 7:52
Normal Defense
1 - 43% - 40% - 21:13
2 - 31% - 30% - 15:00
3 - 19% - 20% - 9:30
4 - 6% - 10% - 3:04
PP Forward
1 - 55% - 60% - 3:43
2 - 45% - 40% - 3:02
PP Defense
1 - 55% - 60% - 3:43
2 - 45% - 40% - 3:02
PK Forward
1 - 82% - 60% - 1:38
2 - 18% - 40% - 0:21
PK Defense
1 - 48% - 60% - 0:57
2 - 52% - 40% - 1:02
PK3 Forward
1 - 0% - 60%
2 - 0% - 40%
PK3 Defense
1 - 0% - 60%
2 - 0% - 40%
44 Forward
1 - 82% - 60% - 1:38
2 - 18% - 40% - 0:21
44 Defense
1 - 59% - 60% - 1:10
2 - 41% - 40% - 0:49
Last Minute Offensive - 0:30
Last Minute Defensive - 0:00
Total
Forward - 60:00
Defense - 60:00
|
Play by Play
1st period
0:01 of 1st period - Jesse Winchester wins face-off versus Ryan Carter in neutral zone.
0:10 of 1st period - Snap shot by Chris Stewart.
0:10 of 1st period - Deflect By Lasse Kukkonen.
0:10 of 1st period - Shot Misses the Net.
0:10 of 1st period - Puck is out of play.
0:11 of 1st period - Rob Schremp wins face-off versus Joël Perrault in Influenza zone.
0:43 of 1st period - Snap shot by Nick Bonino.
0:43 of 1st period - Shot Misses the Net.
2:18 of 1st period - Snap shot by Blake Comeau.
2:18 of 1st period - Shot Misses the Net.
2:28 of 1st period - Snap shot by Rob Schremp.
2:28 of 1st period - Shot Blocked by Craig Weller.
2:44 of 1st period - Snap shot by Marek Zagrapan.
2:44 of 1st period - Goal by Marek Zagrapan - High Goats : 0 - Influenza : 1.
2:45 of 1st period - Jesse Winchester wins face-off versus Cody McCormick in neutral zone.
3:55 of 1st period - Slapshot by Matt Taormina.
3:55 of 1st period - Deflect By Matt Frattin.
3:55 of 1st period - Shot Misses the Net.
3:55 of 1st period - Puck is out of play.
3:56 of 1st period - Petteri Wirtanen wins face-off versus Robbie Earl in Influenza zone.
4:05 of 1st period - Wrist shot by Rob Schremp.
4:05 of 1st period - Stopped by Al Montoya with a rebound.
4:09 of 1st period - Snap shot by Robbie Earl.
4:09 of 1st period - Shot Misses the Net.
4:11 of 1st period - Slapshot by Rob Schremp.
4:11 of 1st period - Stopped by Al Montoya with a rebound.
4:31 of 1st period - Icing by Justin Abdelkader.
4:32 of 1st period - Ryan Carter wins face-off versus Joël Perrault in Influenza zone.
4:42 of 1st period - Brian Salcido is hit by Pavel Brendl and loses puck.
4:47 of 1st period - Snap shot by Joël Perrault.
4:47 of 1st period - Shot Misses the Net.
5:36 of 1st period - Icing by Sami Lepisto.
5:37 of 1st period - Petteri Wirtanen wins face-off versus Marek Zagrapan in High Goats zone.
5:47 of 1st period - Icing by Lasse Kukkonen.
5:48 of 1st period - Jesse Winchester wins face-off versus Marek Zagrapan in Influenza zone.
7:07 of 1st period - Wrist shot by Jiri Tlusty.
7:07 of 1st period - Shot Misses the Net.
7:13 of 1st period - Snap shot by Tim Gleason.
7:13 of 1st period - Shot Misses the Net.
7:15 of 1st period - Slapshot by Tim Gleason.
7:15 of 1st period - Shot Blocked by Joël Perrault.
7:17 of 1st period - Snap shot by Tim Gleason.
7:17 of 1st period - Shot Misses the Net.
7:49 of 1st period - Wrist shot by Colton Orr.
7:49 of 1st period - Shot Misses the Net.
8:01 of 1st period - Slapshot by Lasse Kukkonen.
8:01 of 1st period - Deflect By Marek Zagrapan.
8:01 of 1st period - Shot Misses the Net.
8:01 of 1st period - Puck is out of play.
8:02 of 1st period - Ryan Carter wins face-off versus Jesse Winchester in High Goats zone.
8:03 of 1st period - Wrist shot by Justin Abdelkader.
8:03 of 1st period - Stopped by Al Montoya without a rebound.
8:04 of 1st period - Ryan Carter wins face-off versus Jesse Winchester in High Goats zone.
8:15 of 1st period - Snap shot by Blake Comeau.
8:15 of 1st period - Shot Blocked by Antti Laaksonen.
8:35 of 1st period - Wrist shot by Rob Schremp.
8:35 of 1st period - Shot Misses the Net.
8:37 of 1st period - Wrist shot by Martins Karsums.
8:37 of 1st period - Stopped by Al Montoya without a rebound.
8:38 of 1st period - Nick Bonino wins face-off versus Rob Schremp in High Goats zone.
9:03 of 1st period - Alexander Sulzer is hit by Matt Taormina.
9:07 of 1st period - Wrist shot by Drayson Bowman.
9:07 of 1st period - Shot Misses the Net.
9:09 of 1st period - Slapshot by Petteri Wirtanen.
9:09 of 1st period - Stopped by Brent Krahn with a rebound.
9:13 of 1st period - Snap shot by Matt Frattin.
9:13 of 1st period - Stopped by Brent Krahn with a rebound.
9:15 of 1st period - Snap shot by Petteri Wirtanen.
9:15 of 1st period - Stopped by Brent Krahn with a rebound.
9:25 of 1st period - Snap shot by Ryan Carter.
9:25 of 1st period - Goal by Ryan Carter - High Goats : 0 - Influenza : 2.
9:26 of 1st period - Ryan Carter wins face-off versus Jesse Winchester in neutral zone.
9:51 of 1st period - Matt Taormina is hit by Rob Schremp.
10:21 of 1st period - Matt Taormina is hit by Cody McCormick and loses puck.
11:05 of 1st period - Icing by Petteri Wirtanen.
11:06 of 1st period - Petteri Wirtanen wins face-off versus Marek Zagrapan in High Goats zone.
11:13 of 1st period - Jamie McBain is hit by Arturs Kulda and loses puck.
11:59 of 1st period - Snap shot by Craig Weller.
11:59 of 1st period - Goal by Craig Weller - High Goats : 1 - Influenza : 2.
12:00 of 1st period - Jesse Winchester wins face-off versus Ryan Carter in neutral zone.
12:11 of 1st period - Wrist shot by Ryan Carter.
12:11 of 1st period - Stopped by Al Montoya with a rebound.
12:13 of 1st period - Slapshot by Lasse Kukkonen.
12:13 of 1st period - Shot Blocked by Sami Lepisto.
12:15 of 1st period - Snap shot by Ryan Carter.
12:15 of 1st period - Shot Misses the Net.
12:27 of 1st period - Cody McCormick is hit by Sami Lepisto and loses puck.
12:50 of 1st period - Snap shot by Craig Weller.
12:50 of 1st period - Shot Blocked by Jaime Sifers.
12:52 of 1st period - Wrist shot by Craig Weller.
12:52 of 1st period - Stopped by Brent Krahn with a rebound.
12:54 of 1st period - Slapshot by Sami Lepisto.
12:54 of 1st period - Shot Misses the Net.
12:56 of 1st period - Slapshot by Sami Lepisto.
12:56 of 1st period - Stopped by Brent Krahn with a rebound.
13:14 of 1st period - Slapshot by Matt Frattin.
13:14 of 1st period - Shot Blocked by Ryan Carter.
13:16 of 1st period - Slapshot by Thomas Hickey.
13:16 of 1st period - Shot Misses the Net.
13:57 of 1st period - Slapshot by Lasse Kukkonen.
13:57 of 1st period - Stopped by Al Montoya with a rebound.
14:07 of 1st period - Gord Baldwin is hit by Robbie Earl and loses puck.
14:14 of 1st period - Slapshot by Robbie Earl.
14:14 of 1st period - Shot Blocked by Thomas Hickey.
14:16 of 1st period - Slapshot by Alexander Sulzer.
14:16 of 1st period - Deflect By Martins Karsums.
14:16 of 1st period - Goal by Martins Karsums - High Goats : 1 - Influenza : 3.
14:17 of 1st period - Jesse Winchester wins face-off versus Ryan Carter in neutral zone.
14:56 of 1st period - Slapshot by Martins Karsums.
14:56 of 1st period - Shot Misses the Net.
15:08 of 1st period - Tim Gleason is hit by Arturs Kulda and loses puck.
15:19 of 1st period - Slapshot by Tim Gleason.
15:19 of 1st period - Stopped by Al Montoya without a rebound.
15:20 of 1st period - Petteri Wirtanen wins face-off versus Marek Zagrapan in High Goats zone.
16:06 of 1st period - Snap shot by Nick Bonino.
16:06 of 1st period - Shot Blocked by Jaime Sifers.
16:33 of 1st period - Wrist shot by Charles Linglet.
16:33 of 1st period - Shot Blocked by Matt Taormina.
16:35 of 1st period - Snap shot by Jamie McBain.
16:35 of 1st period - Shot Hit the Post.
16:37 of 1st period - Slapshot by Jaime Sifers.
16:37 of 1st period - Shot Blocked by Joël Perrault.
17:36 of 1st period - Wrist shot by Ryan Vesce.
17:36 of 1st period - Deflect By Craig Weller.
17:36 of 1st period - Shot Blocked by Thomas Hickey.
17:36 of 1st period - Puck is out of play.
17:37 of 1st period - Ryan Carter wins face-off versus Jesse Winchester in High Goats zone.
18:15 of 1st period - Wrist shot by Ryan Carter.
18:15 of 1st period - Shot Blocked by Craig Weller.
18:17 of 1st period - Slapshot by Tim Gleason.
18:17 of 1st period - Stopped by Al Montoya without a rebound.
18:18 of 1st period - Jesse Winchester wins face-off versus Rob Schremp in High Goats zone.
18:33 of 1st period - Snap shot by Rob Schremp.
18:33 of 1st period - Stopped by Al Montoya with a rebound.
18:45 of 1st period - Cody McCormick is hit by Thomas Hickey and loses puck.
18:52 of 1st period - Snap shot by Pavel Brendl.
18:52 of 1st period - Stopped by Brent Krahn without a rebound.
18:53 of 1st period - Joël Perrault wins face-off versus Ryan Carter in Influenza zone.
19:08 of 1st period - Snap shot by Pavel Brendl.
19:08 of 1st period - Shot Misses the Net.
19:13 of 1st period - Icing by Blake Comeau.
19:14 of 1st period - Jesse Winchester wins face-off versus Ryan Carter in Influenza zone.
19:27 of 1st period - Snap shot by Blake Comeau.
19:27 of 1st period - Stopped by Al Montoya without a rebound.
19:28 of 1st period - Jesse Winchester wins face-off versus Rob Schremp in High Goats zone.
19:28 of 1st period - Jesse Winchester is hit by Tim Gleason.
19:40 of 1st period - Snap shot by Jesse Winchester.
19:40 of 1st period - Shot Misses the Net.
2nd period
0:01 of 2nd period - Ryan Carter wins face-off versus Jesse Winchester in neutral zone.
0:07 of 2nd period - Icing by Chris Stewart.
0:08 of 2nd period - Ryan Carter wins face-off versus Jesse Winchester in High Goats zone.
0:13 of 2nd period - Snap shot by Blake Comeau.
0:13 of 2nd period - Shot Misses the Net.
0:15 of 2nd period - Snap shot by Ryan Carter.
0:15 of 2nd period - Shot Misses the Net.
0:33 of 2nd period - Snap shot by Joël Perrault.
0:33 of 2nd period - Stopped by Brent Krahn with a rebound.
0:35 of 2nd period - Snap shot by Jiri Tlusty.
0:35 of 2nd period - Goal by Jiri Tlusty - High Goats : 2 - Influenza : 3.
0:36 of 2nd period - Ryan Carter wins face-off versus Antti Laaksonen in neutral zone.
0:47 of 2nd period - Ryan Carter is hit by Sami Lepisto and loses puck.
1:49 of 2nd period - Snap shot by Joël Perrault.
1:49 of 2nd period - Stopped by Brent Krahn without a rebound.
1:50 of 2nd period - Ryan Carter wins face-off versus Joël Perrault in Influenza zone.
2:01 of 2nd period - Jamie McBain is hit by Sami Lepisto and loses puck.
2:30 of 2nd period - Slapshot by Joël Perrault.
2:30 of 2nd period - Stopped by Brent Krahn without a rebound.
2:31 of 2nd period - Rob Schremp wins face-off versus Jesse Winchester in Influenza zone.
3:21 of 2nd period - Snap shot by Drayson Bowman.
3:21 of 2nd period - Deflect By Matt Frattin.
3:21 of 2nd period - Shot Misses the Net.
3:21 of 2nd period - Puck is out of play.
3:22 of 2nd period - Petteri Wirtanen wins face-off versus Ryan Carter in Influenza zone.
3:31 of 2nd period - Wrist shot by Anton Stralman.
3:31 of 2nd period - Shot Misses the Net.
4:08 of 2nd period - Charles Linglet is hit by Chris Stewart and loses puck.
4:33 of 2nd period - Brandon Bollig is hit by Cody McCormick and loses puck.
4:37 of 2nd period - Icing by Anton Stralman.
4:38 of 2nd period - Ryan Carter wins face-off versus Nick Bonino in High Goats zone.
4:41 of 2nd period - Wrist shot by Justin Abdelkader.
4:41 of 2nd period - Shot Blocked by Anton Stralman.
4:55 of 2nd period - Slapshot by Craig Weller.
4:55 of 2nd period - Stopped by Brent Krahn with a rebound.
5:02 of 2nd period - Minor Penalty to Brandon Bollig for Holding Stick.
5:03 of 2nd period - Ryan Carter wins face-off versus Petteri Wirtanen in High Goats zone.
5:52 of 2nd period - Snap shot by Jesse Winchester.
5:52 of 2nd period - Shot Blocked by Blake Comeau.
6:51 of 2nd period - Icing by Jaime Sifers.
6:52 of 2nd period - Ryan Carter wins face-off versus Joël Perrault in Influenza zone.
7:02 of 2nd period - Penalty to Brandon Bollig is over, Brandon Bollig is back on ice.
7:17 of 2nd period - Slapshot by Ryan Vesce.
7:17 of 2nd period - Shot Misses the Net.
7:23 of 2nd period - Ryan Vesce is hit by Gord Baldwin and loses puck.
7:38 of 2nd period - Nick Bonino is hit by Brian Salcido and loses puck.
7:57 of 2nd period - Brian Salcido is hit by Anton Stralman and loses puck.
8:26 of 2nd period - Slapshot by Anton Stralman.
8:26 of 2nd period - Stopped by Brent Krahn with a rebound.
8:28 of 2nd period - Snap shot by Jiri Tlusty.
8:28 of 2nd period - Stopped by Brent Krahn without a rebound.
8:29 of 2nd period - Ryan Carter wins face-off versus Joël Perrault in Influenza zone.
8:46 of 2nd period - Snap shot by Joël Perrault.
8:46 of 2nd period - Deflect By Ryan Carter.
8:46 of 2nd period - Shot Blocked by Tim Gleason.
8:46 of 2nd period - Puck is out of play.
8:47 of 2nd period - Jesse Winchester wins face-off versus Rob Schremp in Influenza zone.
8:48 of 2nd period - Snap shot by Antti Laaksonen.
8:48 of 2nd period - Stopped by Brent Krahn without a rebound.
8:49 of 2nd period - Jesse Winchester wins face-off versus Rob Schremp in Influenza zone.
8:54 of 2nd period - Wrist shot by Antti Laaksonen.
8:54 of 2nd period - Stopped by Brent Krahn without a rebound.
8:55 of 2nd period - Jesse Winchester wins face-off versus Rob Schremp in Influenza zone.
9:26 of 2nd period - Wrist shot by Joël Perrault.
9:26 of 2nd period - Shot Misses the Net.
9:28 of 2nd period - Backhand shot by Pavel Brendl.
9:28 of 2nd period - Goal by Pavel Brendl - High Goats : 3 - Influenza : 3.
9:29 of 2nd period - Ryan Carter wins face-off versus Jesse Winchester in neutral zone.
9:32 of 2nd period - Sami Lepisto is hit by Tim Gleason.
9:44 of 2nd period - Wrist shot by Antti Laaksonen.
9:44 of 2nd period - Stopped by Brent Krahn with a rebound.
9:54 of 2nd period - Tim Gleason is hit by Sami Lepisto and loses puck.
10:32 of 2nd period - Wrist shot by Drayson Bowman.
10:32 of 2nd period - Stopped by Brent Krahn with a rebound.
10:59 of 2nd period - Slapshot by Arturs Kulda.
10:59 of 2nd period - Stopped by Brent Krahn with a rebound.
11:14 of 2nd period - Icing by Arturs Kulda.
11:15 of 2nd period - Rob Schremp wins face-off versus Joël Perrault in High Goats zone.
11:18 of 2nd period - Wrist shot by Martins Karsums.
11:18 of 2nd period - Stopped by Al Montoya without a rebound.
11:19 of 2nd period - Jesse Winchester wins face-off versus Ryan Carter in High Goats zone.
11:19 of 2nd period - Jesse Winchester is hit by Ryan Carter.
12:05 of 2nd period - Icing by Sami Lepisto.
12:06 of 2nd period - Nick Bonino wins face-off versus Cody McCormick in High Goats zone.
12:17 of 2nd period - Wrist shot by Craig Weller.
12:17 of 2nd period - Stopped by Brent Krahn with a rebound.
12:37 of 2nd period - Snap shot by Ryan Carter.
12:37 of 2nd period - Shot Blocked by Anton Stralman.
12:39 of 2nd period - Snap shot by Ryan Carter.
12:39 of 2nd period - Goal by Ryan Carter - High Goats : 3 - Influenza : 4.
12:40 of 2nd period - Jesse Winchester wins face-off versus Ryan Carter in neutral zone.
12:43 of 2nd period - Snap shot by Antti Laaksonen.
12:43 of 2nd period - Shot Misses the Net.
12:45 of 2nd period - Snap shot by Chris Stewart.
12:45 of 2nd period - Stopped by Brent Krahn with a rebound.
12:53 of 2nd period - Backhand shot by Lasse Kukkonen.
12:53 of 2nd period - Stopped by Al Montoya with a rebound.
13:11 of 2nd period - Wrist shot by Joël Perrault.
13:11 of 2nd period - Deflect By Pavel Brendl.
13:11 of 2nd period - Stopped by Brent Krahn with a rebound.
13:34 of 2nd period - Snap shot by Cody McCormick.
13:34 of 2nd period - Stopped by Al Montoya with a rebound.
13:37 of 2nd period - Minor Penalty to Cody McCormick for Hooking.
13:37 of 2nd period - Minor Penalty to Nick Bonino for Hooking.
13:38 of 2nd period - Jesse Winchester wins face-off versus Ryan Carter in High Goats zone.
14:25 of 2nd period - Slapshot by Pavel Brendl.
14:25 of 2nd period - Shot Misses the Net.
15:09 of 2nd period - Chris Stewart is hit by Lasse Kukkonen and loses puck.
15:22 of 2nd period - Blake Comeau is hit by Pavel Brendl and loses puck.
15:37 of 2nd period - Penalty to Cody McCormick is over, Cody McCormick is back on ice.
15:37 of 2nd period - Penalty to Nick Bonino is over, Nick Bonino is back on ice.
15:49 of 2nd period - Slapshot by Jamie McBain.
15:49 of 2nd period - Deflect By Rob Schremp.
15:49 of 2nd period - Shot Misses the Net.
15:49 of 2nd period - Puck is out of play.
15:50 of 2nd period - Cody McCormick wins face-off versus Nick Bonino in High Goats zone.
15:51 of 2nd period - Slapshot by Ryan Vesce.
15:51 of 2nd period - Deflect By Charles Linglet.
15:51 of 2nd period - Shot Misses the Net.
15:51 of 2nd period - Puck is out of play.
15:52 of 2nd period - Nick Bonino wins face-off versus Cody McCormick in High Goats zone.
16:03 of 2nd period - Backhand shot by Cody McCormick.
16:03 of 2nd period - Stopped by Al Montoya without a rebound.
16:04 of 2nd period - Jesse Winchester wins face-off versus Ryan Carter in High Goats zone.
16:04 of 2nd period - Jesse Winchester is hit by Tim Gleason.
16:16 of 2nd period - Snap shot by Jesse Winchester.
16:16 of 2nd period - Stopped by Brent Krahn with a rebound.
16:18 of 2nd period - Slapshot by Sami Lepisto.
16:18 of 2nd period - Deflect By Jesse Winchester.
16:18 of 2nd period - Stopped by Brent Krahn with a rebound.
17:17 of 2nd period - Minor Penalty to Colton Orr for Goalie Interference.
17:18 of 2nd period - Ryan Carter wins face-off versus Jesse Winchester in Influenza zone.
17:29 of 2nd period - Slapshot by Anton Stralman.
17:29 of 2nd period - Stopped by Brent Krahn with a rebound.
17:57 of 2nd period - Snap shot by Pavel Brendl.
17:57 of 2nd period - Shot Blocked by Rob Schremp.
19:10 of 2nd period - Icing by Matt Taormina.
19:11 of 2nd period - Nick Bonino wins face-off versus Cody McCormick in High Goats zone.
19:17 of 2nd period - Penalty to Colton Orr is over, Colton Orr is back on ice.
19:21 of 2nd period - Slapshot by Sami Lepisto.
19:21 of 2nd period - Deflect By Craig Weller.
19:21 of 2nd period - Goal by Craig Weller - High Goats : 4 - Influenza : 4.
19:22 of 2nd period - Ryan Carter wins face-off versus Jesse Winchester in neutral zone.
19:47 of 2nd period - Anton Stralman is hit by Rob Schremp and loses puck.
19:58 of 2nd period - Snap shot by Martins Karsums.
19:58 of 2nd period - Stopped by Al Montoya without a rebound.
19:59 of 2nd period - Jesse Winchester wins face-off versus Ryan Carter in High Goats zone.
3rd period
0:01 of 3rd period - Ryan Carter wins face-off versus Jesse Winchester in neutral zone.
0:04 of 3rd period - Slapshot by Tim Gleason.
0:04 of 3rd period - Stopped by Al Montoya with a rebound.
0:06 of 3rd period - Slapshot by Tim Gleason.
0:06 of 3rd period - Shot Misses the Net.
0:08 of 3rd period - Snap shot by Ryan Carter.
0:08 of 3rd period - Shot Misses the Net.
0:10 of 3rd period - Slapshot by Tim Gleason.
0:10 of 3rd period - Stopped by Al Montoya with a rebound.
0:12 of 3rd period - Wrist shot by Justin Abdelkader.
0:12 of 3rd period - Shot Misses the Net.
0:14 of 3rd period - Backhand shot by Tim Gleason.
0:14 of 3rd period - Shot Misses the Net.
0:28 of 3rd period - Snap shot by Cody McCormick.
0:28 of 3rd period - Shot Misses the Net.
0:40 of 3rd period - Slapshot by Sami Lepisto.
0:40 of 3rd period - Stopped by Brent Krahn with a rebound.
0:42 of 3rd period - Snap shot by Antti Laaksonen.
0:42 of 3rd period - Stopped by Brent Krahn without a rebound.
0:43 of 3rd period - Joël Perrault wins face-off versus Ryan Carter in Influenza zone.
1:34 of 3rd period - Slapshot by Tim Gleason.
1:34 of 3rd period - Stopped by Al Montoya without a rebound.
1:35 of 3rd period - Jesse Winchester wins face-off versus Ryan Carter in High Goats zone.
1:35 of 3rd period - Jesse Winchester is hit by Jamie McBain.
1:41 of 3rd period - Wrist shot by Justin Abdelkader.
1:41 of 3rd period - Stopped by Al Montoya without a rebound.
1:42 of 3rd period - Justin Abdelkader wins face-off versus Jesse Winchester in High Goats zone.
1:43 of 3rd period - Snap shot by Blake Comeau.
1:43 of 3rd period - Deflect By Ryan Carter.
1:43 of 3rd period - Shot Blocked by Sami Lepisto.
1:43 of 3rd period - Puck is out of play.
1:44 of 3rd period - Ryan Carter wins face-off versus Jesse Winchester in High Goats zone.
2:16 of 3rd period - Snap shot by Blake Comeau.
2:16 of 3rd period - Shot Misses the Net.
2:44 of 3rd period - Slapshot by Justin Abdelkader.
2:44 of 3rd period - Stopped by Al Montoya without a rebound.
2:45 of 3rd period - Rob Schremp wins face-off versus Joël Perrault in High Goats zone.
2:56 of 3rd period - Slapshot by Thomas Hickey.
2:56 of 3rd period - Shot Blocked by Lasse Kukkonen.
2:58 of 3rd period - Snap shot by Gord Baldwin.
2:58 of 3rd period - Shot Blocked by Tim Gleason.
3:00 of 3rd period - Snap shot by Pavel Brendl.
3:00 of 3rd period - Shot Misses the Net.
3:09 of 3rd period - Minor Penalty to Brandon Bollig for Roughing.
3:10 of 3rd period - Rob Schremp wins face-off versus Petteri Wirtanen in High Goats zone.
4:56 of 3rd period - Sami Lepisto is hit by Charles Linglet and loses puck.
5:09 of 3rd period - Penalty to Brandon Bollig is over, Brandon Bollig is back on ice.
5:27 of 3rd period - Slapshot by Gord Baldwin.
5:27 of 3rd period - Stopped by Brent Krahn with a rebound.
5:29 of 3rd period - Snap shot by Petteri Wirtanen.
5:29 of 3rd period - Stopped by Brent Krahn without a rebound.
5:30 of 3rd period - Joël Perrault wins face-off versus Ryan Vesce in Influenza zone.
5:38 of 3rd period - Lasse Kukkonen is hit by Sami Lepisto and loses puck.
5:55 of 3rd period - Jamie McBain is hit by Craig Weller and loses puck.
6:13 of 3rd period - Off-side.
6:14 of 3rd period - Chris Stewart wins face-off versus Rob Schremp in neutral zone.
6:27 of 3rd period - Slapshot by Antti Laaksonen.
6:27 of 3rd period - Shot Blocked by Lasse Kukkonen.
7:10 of 3rd period - Wrist shot by Craig Weller.
7:10 of 3rd period - Shot Misses the Net.
7:12 of 3rd period - Snap shot by Craig Weller.
7:12 of 3rd period - Stopped by Brent Krahn with a rebound.
7:30 of 3rd period - Wrist shot by Cody McCormick.
7:30 of 3rd period - Stopped by Al Montoya with a rebound.
7:44 of 3rd period - Snap shot by Pavel Brendl.
7:44 of 3rd period - Deflect By Lasse Kukkonen.
7:44 of 3rd period - Shot Blocked by Martins Karsums.
7:44 of 3rd period - Puck is out of play.
7:45 of 3rd period - Joël Perrault wins face-off versus Rob Schremp in Influenza zone.
7:48 of 3rd period - Wrist shot by Sami Lepisto.
7:48 of 3rd period - Shot Hit the Post.
7:54 of 3rd period - Wrist shot by Sami Lepisto.
7:54 of 3rd period - Shot Blocked by Tim Gleason.
7:56 of 3rd period - Slapshot by Pavel Brendl.
7:56 of 3rd period - Goal by Pavel Brendl - High Goats : 5 - Influenza : 4.
7:57 of 3rd period - Jesse Winchester wins face-off versus Justin Abdelkader in neutral zone.
8:02 of 3rd period - Wrist shot by Antti Laaksonen.
8:02 of 3rd period - Goal by Antti Laaksonen - High Goats : 6 - Influenza : 4.
8:03 of 3rd period - Jesse Winchester wins face-off versus Ryan Carter in neutral zone.
8:16 of 3rd period - Wrist shot by Blake Comeau.
8:16 of 3rd period - Shot Misses the Net.
8:18 of 3rd period - Slapshot by Lasse Kukkonen.
8:18 of 3rd period - Deflect By Jesse Winchester.
8:18 of 3rd period - Stopped by Al Montoya with a rebound.
8:30 of 3rd period - Robbie Earl is hit by Jiri Tlusty.
9:40 of 3rd period - Slapshot by Jamie McBain.
9:40 of 3rd period - Deflect By Colton Orr.
9:40 of 3rd period - Stopped by Al Montoya without a rebound.
9:41 of 3rd period - Rob Schremp wins face-off versus Jesse Winchester in High Goats zone.
9:50 of 3rd period - Minor Penalty to Arturs Kulda for Interference.
9:51 of 3rd period - Ryan Carter wins face-off versus Petteri Wirtanen in High Goats zone.
9:52 of 3rd period - Wrist shot by Blake Comeau.
9:52 of 3rd period - Stopped by Al Montoya without a rebound.
9:53 of 3rd period - Petteri Wirtanen wins face-off versus Ryan Carter in High Goats zone.
10:19 of 3rd period - Icing by Robbie Earl.
10:20 of 3rd period - Rob Schremp wins face-off versus Petteri Wirtanen in Influenza zone.
10:20 of 3rd period - Rob Schremp is hit by Petteri Wirtanen.
11:50 of 3rd period - Penalty to Arturs Kulda is over, Arturs Kulda is back on ice.
12:22 of 3rd period - Wrist shot by Colton Orr.
12:22 of 3rd period - Deflect By Pavel Brendl.
12:22 of 3rd period - Shot Misses the Net.
12:22 of 3rd period - Puck is out of play.
12:23 of 3rd period - Joël Perrault wins face-off versus Marek Zagrapan in High Goats zone.
12:43 of 3rd period - Slapshot by Pavel Brendl.
12:43 of 3rd period - Stopped by Brent Krahn without a rebound.
12:44 of 3rd period - Jesse Winchester wins face-off versus Ryan Carter in Influenza zone.
12:51 of 3rd period - Snap shot by Chris Stewart.
12:51 of 3rd period - Goal by Chris Stewart - High Goats : 7 - Influenza : 4.
12:52 of 3rd period - Jesse Winchester wins face-off versus Ryan Carter in neutral zone.
13:04 of 3rd period - Snap shot by Antti Laaksonen.
13:04 of 3rd period - Stopped by Brent Krahn with a rebound.
13:06 of 3rd period - Slapshot by Anton Stralman.
13:06 of 3rd period - Shot Misses the Net.
13:08 of 3rd period - Snap shot by Chris Stewart.
13:08 of 3rd period - Stopped by Brent Krahn with a rebound.
13:18 of 3rd period - Tim Gleason is hit by Sami Lepisto and loses puck.
13:23 of 3rd period - Wrist shot by Pavel Brendl.
13:23 of 3rd period - Shot Misses the Net.
13:42 of 3rd period - Slapshot by Lasse Kukkonen.
13:42 of 3rd period - Stopped by Al Montoya with a rebound.
14:02 of 3rd period - Wrist shot by Chris Stewart.
14:02 of 3rd period - Shot Blocked by Tim Gleason.
14:17 of 3rd period - Wrist shot by Petteri Wirtanen.
14:17 of 3rd period - Shot Blocked by Justin Abdelkader.
14:19 of 3rd period - Slapshot by Matt Taormina.
14:19 of 3rd period - Shot Blocked by Lasse Kukkonen.
14:21 of 3rd period - Wrist shot by Matt Frattin.
14:21 of 3rd period - Deflect By Drayson Bowman.
14:21 of 3rd period - Stopped by Brent Krahn with a rebound.
14:54 of 3rd period - Minor Penalty to Arturs Kulda for Interference.
14:55 of 3rd period - Petteri Wirtanen wins face-off versus Ryan Carter in High Goats zone.
15:04 of 3rd period - Slapshot by Alexander Sulzer.
15:04 of 3rd period - Deflect By Sami Lepisto.
15:04 of 3rd period - Stopped by Al Montoya without a rebound.
15:05 of 3rd period - Petteri Wirtanen wins face-off versus Ryan Carter in High Goats zone.
15:38 of 3rd period - Wrist shot by Martins Karsums.
15:38 of 3rd period - Shot Misses the Net.
15:40 of 3rd period - Wrist shot by Jaime Sifers.
15:40 of 3rd period - Shot Misses the Net.
15:42 of 3rd period - Snap shot by Martins Karsums.
15:42 of 3rd period - Goal by Martins Karsums - High Goats : 7 - Influenza : 5.
15:43 of 3rd period - Cody McCormick wins face-off versus Nick Bonino in neutral zone.
15:54 of 3rd period - Snap shot by Jamie McBain.
15:54 of 3rd period - Shot Blocked by Sami Lepisto.
16:16 of 3rd period - Wrist shot by Craig Weller.
16:16 of 3rd period - Stopped by Brent Krahn with a rebound.
16:18 of 3rd period - Snap shot by Sami Lepisto.
16:18 of 3rd period - Stopped by Brent Krahn without a rebound.
16:19 of 3rd period - Ryan Carter wins face-off versus Chris Stewart in Influenza zone.
16:53 of 3rd period - Wrist shot by Joël Perrault.
16:53 of 3rd period - Shot Misses the Net.
16:55 of 3rd period - Wrist shot by Joël Perrault.
16:55 of 3rd period - Stopped by Brent Krahn without a rebound.
16:56 of 3rd period - Cody McCormick wins face-off versus Nick Bonino in Influenza zone.
17:48 of 3rd period - Wrist shot by Rob Schremp.
17:48 of 3rd period - Deflect By Martins Karsums.
17:48 of 3rd period - Shot Blocked by Pavel Brendl.
17:48 of 3rd period - Puck is out of play.
17:49 of 3rd period - Cody McCormick wins face-off versus Nick Bonino in High Goats zone.
18:02 of 3rd period - Wrist shot by Craig Weller.
18:02 of 3rd period - Deflect By Nick Bonino.
18:02 of 3rd period - Stopped by Brent Krahn without a rebound.
18:03 of 3rd period - Ryan Carter wins face-off versus Jesse Winchester in Influenza zone.
18:33 of 3rd period - Slapshot by Rob Schremp.
18:33 of 3rd period - Shot Misses the Net.
18:35 of 3rd period - Snap shot by Robbie Earl.
18:35 of 3rd period - Shot Blocked by Antti Laaksonen.
18:37 of 3rd period - Snap shot by Rob Schremp.
18:37 of 3rd period - Goal by Rob Schremp - High Goats : 7 - Influenza : 6.
18:38 of 3rd period - Nick Bonino wins face-off versus Cody McCormick in neutral zone.
19:10 of 3rd period - Influenza, Brent Krahn is pulled from the net.
19:28 of 3rd period - Snap shot by Chris Stewart.
19:28 of 3rd period - Goal by Chris Stewart - High Goats : 8 - Influenza : 6.
19:28 of 3rd period - Brent Krahn from Influenza was sent back in the game.
19:29 of 3rd period - Cody McCormick wins face-off versus Nick Bonino in neutral zone.
19:54 of 3rd period - Robbie Earl is hit by Gord Baldwin and loses puck.
Output by the SimonT Hockey Simulator (STHS) for François Prévost -- Original Page W3C XHTML 1.0 Valid